 Dungeon Crawl Stone Soup version 0.30-a0-557-ge2afbf3030 (webtiles) character file.

Game seed: 3458215176622882906

13337 wilfster70 the Protected (level 12, -1/81 HPs)
             Began as a Djinni Conjurer on Dec 26, 2022.
             Was a Believer of Makhleb.
             Slain by an elephant (14 damage)
             ... on level 9 of the Dungeon on Dec 28, 2022.
             The game lasted 00:45:49 (11036 turns).

wilfster70 the Protected (Djinni Conjurer)         Turns: 11036, Time: 00:45:50

Health: -1/81      AC: 15    Str:  6    XL:     12   Next: 31%
Gold:   547        EV: 11    Int: 26    God:    Makhleb [**....] SH:  5 Dex: 11

rFire   . . .      SeeInvis +    a - +10 spear of the Usurping Gods {antimagic, *Slow rElec SInv Stlth+}
rCold   + . .      Faith    .    (no shield)
rNeg    . . .      Spirit   .    z - +3 ring mail
rPois   ∞          Reflect  +    A - +1 helmet
rElec   +          Harm     .    j - +0 cloak
rCorr   .          Rampage  .    y - +0 pair of gloves
Will    +....                    (boots unavailable)
Stlth   ++                       e - amulet of reflection
HPRegen 0.33/turn                d - ring of ice
MPRegen 0.00/turn                v - ring of ice

@: about to teleport, flying
A: sickness immunity, fire resistance 2, cold vulnerability 1, float, innate
caster, HP casting, extra vitality 1
a: Renounce Religion, Minor Destruction


You were on level 9 of the Dungeon.
You worshipped Makhleb.
Makhleb was pleased with you.
You visited 2 branches of the dungeon, and saw 12 of its levels.
You also visited: Ice Cave.

You collected 577 gold pieces.
You spent 30 gold pieces at shops.

Inventory:

Hand Weapons
 a - the +10 spear of the Usurping Gods (weapon) {antimagic, *Slow rElec SInv Stlth+}
   (You found it on level 3 of the Dungeon)

   It reduces the magical energy of the wielder, and disrupts the spells and
   magical abilities of those it strikes.
   Natural abilities and divine invocations are not affected.
   rElec:     It insulates you from electricity.
   SInv:      It lets you see invisible.
   *Slow:     It may slow you when you take damage.
   Stlth:     It makes you more stealthy.
 b - a +1 sling of flaming
Missiles
 D - 49 poisoned darts
 H - 2 curare-tipped darts
Armour
 j - a +0 cloak (worn)
 y - a +0 pair of gloves (worn)
 z - a +3 ring mail (worn)
 A - a +1 helmet (worn)
Jewellery
 d - a ring of ice (left hand)
 e - an amulet of reflection (around neck)
 m - a +6 ring of dexterity
 o - a ring of ice
 v - a ring of ice (right hand)
Wands
 p - a wand of mindburst (13)
 u - a wand of roots (8)
 w - a wand of polymorph (17)
 G - a wand of flame (13)
Scrolls
 g - a scroll of teleportation
 s - 5 scrolls of enchant weapon
Potions
 c - a potion of ambrosia {unknown}
 f - a potion of attraction {unknown}
 h - 2 potions of lignification
 k - a potion of cancellation {unknown}
 q - 2 potions of curing
 t - 2 potions of might
 x - a potion of mutation {unknown}
 B - a potion of resistance {unknown}
 E - 4 potions of magic
 F - 2 potions of haste
 I - a potion of berserk rage


   Skills:
 - Level 5.1 Fighting
 - Level 6.0 Polearms
 - Level 10.0 Armour
 - Level 8.0 Dodging
 - Level 1.5 Stealth
 - Level 8.0 Spellcasting
 + Level 7.0 Evocations


You couldn't memorise any spells.
You knew the following spells:

 Your Spells              Type           Power      Damage    Failure   Level
a - Magic Dart            Conj           100%       1d8       1%          1
b - Searing Ray           Conj           100%       2d8       1%          2
c - Dazzling Flash        Conj/Hex       100%       N/A       1%          3
d - Fulminant Prism       Conj/Hex       25%        3d14      6%          4
e - Iskenderun's Mystic   Conj/Tloc      51%        2d11      6%          4
f - Kiss of Death         Conj/Necr      100%       2d13      1%          1
g - Blink                 Tloc           100%       N/A       1%          2
h - Ignite Poison         Fire/Tmut/Pois 51%        N/A       1%          3
i - Vampiric Draining     Necr           51%        2d9       1%          3
j - Silence               Hex/Air        25%        N/A       17%         5
Your spell library was empty.

Dungeon Overview and Level Annotations

Branches:
Dungeon (10/15)            Temple (0/1) D:7            Lair (2/5) D:9
  IceCv (visited)
  Swamp: Lair:2-3    Shoals: Lair:2-3     Snake: Lair:2-3    Spider: Lair:2-3
    Orc: D:9-12

Altars:
Fedhas
Gozag
Makhleb
Ru
Trog
Wu Jian

Shops:
D:8 *=(   D:10 *

Annotations:
D:3 3 runed translucent doors, NoAnimeNoLife's ghost, amateur GrFi
Lair:1 Amaemon


Innate Abilities, Weirdness & Mutations

You are immune to sickness and miasma.
You are immune to poison.
Your flesh is very heat resistant. (rF++)
You are vulnerable to cold. (rC-)
You float through the air rather than walking.
You learn spells naturally, not from books.
Your magical power is your life essence.
You have superior vitality. (+4 MHP)


Message History

Your Evocations skill increases to level 7!
The elephant closely misses you. You block the elephant's attack.
The elephant barely misses you.
The elephant trunk-slaps you but does no damage.
You see here an elephant corpse.
You block the elephant's attack.
The elephant trunk-slaps you but does no damage.
There is a staircase back to the Dungeon, spattered with blood here.
The elephant closely misses you.
The elephant trunk-slaps you but does no damage.
The elephant tramples you.
You hold your ground!
The elephant barely misses you.
You fly upwards.
Welcome back to the Dungeon!
There is a staircase to the Lair, spattered with blood here.
The elephant attacks as you move away! The elephant tramples you!
* * * LOW HITPOINT WARNING * * *
The elephant trunk-slaps you but does no damage.
The elephant tramples you but does no damage.
The elephant trunk-slaps you but does no damage.
The elephant attacks as you move away! The elephant tramples you.
* * * LOW HITPOINT WARNING * * *
The elephant trunk-slaps you but does no damage.
Casting: Iskenderun's Mystic Blast (dangerous; 6% risk of failure)
Confirm with . or Enter, or press ? or * to list all spells.
You erupt in a blast of force!
The mystic blast hits the elephant!
The elephant is moderately wounded.
The elephant is knocked back by the mystic blast.
The mystic blast hits the elephant!
The elephant is moderately wounded.
The elephant is knocked back by the mystic blast.
* * * LOW HITPOINT WARNING * * *
As you read the scroll of teleportation, it crumbles to dust.
You feel strangely unstable. The elephant attacks as you move away!
The elephant tramples you but does no damage.
The elephant trunk-slaps you but does no damage.
The elephant attacks as you move away! The elephant barely misses you.
You block the elephant's attack. The elephant attacks as you move away!
The elephant tramples you!
You die...

#............#............#....
#.....#......####..P.P....#....
#.....#......#.........P..#####
#.....#......#................#
#.....#.......................#
#.....####'##.................#
#######.......................#
#.....#........♣......P.......#
#.....#.......@Y...>.♣..♣.....#
#.....#........Y...†...P......#
#.....####'#..................#
#.....#............P.P....#####
#.....#..............(......#..
#.....#......#..............#..
#.....#......#..............#..
#.....#......####...........#..
#.....'......#.......#......#..


You could see 2 elephants.

Vanquished Creatures
  Erolcha (D:9)
  A two-headed ogre (D:6)
  Pikel (D:5)
  4 elephants
  A black mamba (Lair:1)
  Joseph (D:7)
  Maggie (D:7)
  A cane toad (Lair:1)
  A kobold demonologist (D:10)
  Prince Ribbit (D:9)
  3 wyverns
  18 yaks
  A basilisk (Lair:1)
  A steam dragon (D:7)
  6 water moccasins
  2 orc warriors
  2 ice beasts
  5 black bears
  A sky beast (D:7)
  4 centaurs
  6 wolves
  2 ogres
  A lemure (D:5)
  6 kobold brigands
  2 bullfrogs
  A necrophage (D:6)
  3 scorpions
  11 wights
  9 killer bees
  4 howler monkeys
  2 gnoll boudas
  5 hounds
  2 jellies
  4 orc priests
  9 iguanas
  Jessica (D:2)
  7 orc wizards
  10 adders
  10 gnolls
  2 shadow imps
  A white imp (D:6)
  An ufetubus (D:5)
  2 worms
  2 dart slugs
  31 orcs
  7 endoplasms
  2 giant cockroaches
  11 goblins
  5 hobgoblins
  7 jackals
  9 quokkas
  3 ball pythons
  9 bats
  7 frilled lizards
  21 kobolds
  5 rats
276 creatures vanquished.

Vanquished Creatures (others)
  14 fulminant prisms
  4 fungi
  77 plants
95 creatures vanquished.

Grand Total: 371 creatures vanquished

Notes
Turn   | Place    | Note
-------+----------+-------------------------------------------
     0 | D:1      | wilfster70 the Djinni Conjurer began the quest for the Orb.
     0 | D:1      | wilfster70 set off with the following spells memorised:
                  | Magic Dart, Searing Ray, Dazzling Flash, Fulminant Prism,
                  | Iskenderun's Mystic Blast.
     0 | D:1      | Reached XP level 1. HP: 15/15 MP: 0/0
     0 | D:1      | Upgraded the game from 0.30-a0-553-g7fabdf1491 to
                  | 0.30-a0-557-ge2afbf3030
    80 | D:1      | Reached XP level 2. HP: 20/21 MP: 0/0
   255 | D:1      | Reached XP level 3. HP: 22/25 MP: 0/0
   255 | D:1      | Learned a level 1 spell: Kiss of Death
   440 | D:1      | Reached XP level 4. HP: 19/31 MP: 0/0
   683 | D:2      | Noticed Jessica
   688 | D:2      | Killed Jessica
   777 | D:2      | Reached XP level 5. HP: 31/35 MP: 0/0
   777 | D:2      | Learned a level 2 spell: Blink
  1205 | D:3      | Reached skill level 5 in Spellcasting
  1246 | D:3      | Found an ornate altar of the Wu Jian Council.
  1386 | D:3      | Identified the +10 spear of the Usurping Gods {antimagic,
                  | *Slow rElec SInv Stlth+}
  1488 | D:3      | Found a runed translucent gate.
  1488 | D:3      | Found a runed translucent gate.
  1488 | D:3      | Found a runed translucent gate.
  1531 | D:3      | Found a burning altar of Makhleb.
  1671 | D:3      | Noticed NoAnimeNoLife's ghost (amateur GrFi)
  1765 | D:4      | Reached XP level 6. HP: 30/40 MP: 0/0
  2056 | D:4      | Noticed an ogre
  2064 | D:4      | Killed an ogre
  2140 | D:4      | Reached XP level 7. HP: 33/45 MP: 0/0
  2140 | D:4      | Learned a level 3 spell: Ignite Poison
  2653 | D:5      | Entered Level 5 of the Dungeon
  2898 | D:5      | Noticed Pikel
  2910 | D:5      | Killed Pikel
  2911 | D:5      | Reached XP level 8. HP: 7/50 MP: 0/0
  3177 | D:5      | Reached skill level 1 in Fighting
  3454 | D:5      | Found a blossoming altar of Fedhas.
  3467 | D:5      | Reached XP level 9. HP: 28/63 MP: 0/0
  3467 | D:5      | Learned a level 3 spell: Vampiric Draining
  4066 | D:6      | Reached skill level 5 in Fighting
  4265 | D:6      | Reached skill level 1 in Armour
  4424 | D:6      | Noticed a two-headed ogre
  4454 | D:6      | Reached skill level 2 in Armour
  4565 | D:6      | Reached skill level 3 in Armour
  4914 | D:6      | Reached skill level 4 in Armour
  4944 | D:6      | Killed a two-headed ogre
  4945 | D:6      | Reached skill level 6 in Armour
  4945 | D:6      | Reached skill level 1 in Polearms
  5326 | D:3      | Became a worshipper of Makhleb the Destroyer
  5395 | D:7      | Identified a scroll of acquirement
  5395 | D:7      | Acquired a wand of roots (8)
  5451 | D:7      | Reached XP level 10. HP: 63/70 MP: 0/0
  5598 | D:7      | Noticed Maggie
  5615 | D:7      | Killed Maggie
  5811 | D:7      | Reached skill level 5 in Polearms
  5830 | D:7      | Found a staircase to the Ecumenical Temple.
  5831 | D:7      | Noticed Joseph
  5874 | D:7      | Found a bloodstained altar of Trog.
  6112 | D:7      | Killed Joseph
  6628 | D:8      | Found Poepsaoq's Jewellery Boutique.
  6672 | D:8      | Found Caroruv's General Store.
  6690 | D:8      | Bought a potion of degeneration for 10 gold pieces
  6693 | D:8      | Bought a scroll of identify for 20 gold pieces
  6703 | D:8      | Found an opulent altar of Gozag.
  6758 | D:8      | Found a burning altar of Makhleb.
  6906 | D:8      | Reached * piety under Makhleb
  6939 | D:8      | Found Plog's Weapon Boutique.
  7034 | D:8      | Reached skill level 7 in Armour
  7769 | D:9      | Reached skill level 8 in Armour
  7871 | D:9      | Reached XP level 11. HP: 68/75 MP: 0/0
  7871 | D:9      | Learned a level 5 spell: Silence
  7896 | D:9      | Noticed Erolcha
  7919 | D:9      | Killed Erolcha
  7920 | D:9      | Reached skill level 9 in Armour
  8189 | D:9      | Found a staircase to the Lair.
  8210 | D:8      | Reached skill level 10 in Armour
  9163 | D:9      | Noticed Prince Ribbit
  9167 | D:9      | Killed Prince Ribbit
  9168 | D:9      | Reached skill level 5 in Dodging
  9259 | D:10     | Entered Level 10 of the Dungeon
  9443 | D:10     | Found Ucwaarun's Assorted Antiques.
  9705 | D:10     | Reached ** piety under Makhleb
 10290 | D:10     | Found a sacrificial altar of Ru.
 10392 | Lair:1   | Entered Level 1 of the Lair of Beasts
 10470 | Lair:1   | Reached skill level 1 in Evocations
 10535 | Lair:1   | Found a frozen archway.
 10536 | Lair:1   | You are sucked into a shaft and drop 1 floor!
 10623 | IceCv    | Entered an ice cave
 10662 | Lair:1   | Reached XP level 12. HP: 60/81 MP: 0/0
 10698 | Lair:1   | Noticed Amaemon
 10699 | Lair:1   | Reached skill level 5 in Evocations
 11036 | D:9      | Slain by an elephant

Illustrated notes

Levels and vault maps discovered:
D:1:      heliophobic_arrival_battle_scene, layout_rooms, st_stairs_2
D:2:      layout_rooms, uniq_jessica
D:3:      wad_woods_stonehenge, layout_basic, lemuel_tele_altar,
          ebering_ghost_rock_garden
D:4:      layout_loops_cross
D:5:      layout_loops_ring, mainiacjoe_overflow_catwalk, uniq_pikel
D:6:      layout_gridville, minivault_26
D:7:      layout_rooms, trog_three_pillars_becter,
          minmay_temple_entry_water_ring, uniq_maggie, uniq_joseph
D:8:      layout_basic, grunt_gozag_breadcrumbs, makhleb_blood_cavern_becter,
          serial_shops, shop_fountains, nicolae_shop_trees, kennysheep_mini,
          chequers_serial_rivers_large_b
D:9:      layout_grid_maze, minmay_lair_entry_grove, uniq_erolcha,
          uniq_prince_ribbit1
D:10:     layout_irregular_city, lemuel_coloured_pillars_altar, serial_shops,
          nicolae_shop_advertising_works [nicolae_subvault_shop_adworks]
Lair:1:   layout_roguey, portal_ice_cave_entry_pillars_2, grunt_megastairs_3,
          infiniplex_staircase_pool, serial_bayou_shore_a, lemuel_fruit_fields,
          uniq_amaemon
Lair:2:   layout_chaotic_city, palyth_hydra_swamp_entry, grunt_megastairs_2

Skill      XL: |  1  2  3  4  5  6  7  8  9 10 11 12 |
---------------+-------------------------------------+-----
Spellcasting   | 4 5 6 7 8 |  8.0
Fighting       | 4 5 |  5.1
Armour         | 6 8 10 | 10.0
Polearms       | 3 6 |  6.0
Dodging        | 8 |  8.0
Evocations     | 3 7 |  7.0
Stealth        | |  1.5

Action                   |  1- 3 |  4- 6 |  7- 9 | 10-12 || total
-------------------------+-------+-------+-------+-------++-------
Melee: Spear             |       |    19 |    23 |   112 ||   154
       Punch             |       |       |       |     2 ||     2
Throw: Dart              |       |       |     2 |     1 ||     3
 Cast: Magic Dart        |    58 |    94 |   107 |   111 ||   370
       Searing Ray       |     5 |    16 |    43 |    78 ||   142
       Blink             |       |     1 |     2 |     1 ||     4
       Iskenderun's Myst |       |       |     3 |    41 ||    44
       Fulminant Prism   |       |       |       |    14 ||    14
       Vampiric Draining |       |       |       |     3 ||     3
  Use: Scroll            |     3 |     8 |     5 |     9 ||    25
       Potion            |       |       |     1 |     3 ||     4
 Stab: Sleeping          |       |     1 |     3 |       ||     4
Armor: Robe              |       |     6 |     4 |       ||    10
       Ring mail         |       |       |    14 |   178 ||   192
Dodge: Dodged            |     5 |     8 |    21 |   165 ||   199
Block: Other             |       |     5 |     9 |    75 ||    89
       Reflection        |       |       |     2 |     6 ||     8

Table legend: (Time is in decaauts)
 A = Elapsed time spent in this place.
 B = Non-inter-level travel time spent in this place.
 C = Inter-level travel time spent in this place.
 D = Time resting spent in this place.
 E = Time spent auto-exploring this place.
 F = Levels seen in this place.
 G = Mean time per level.
                   A        B        C        D        E       F      G
               +--------+--------+--------+--------+--------+-----+--------+
         Total |  11035 |  10406 |    629 |   2698 |   4698 |  13 |  848.8 |
       Dungeon |  10648 |  10019 |    629 |   2654 |   4698 |  10 | 1064.8 |
          Lair |    382 |    382 |      0 |     44 |      0 |   2 |  191.0 |
      Ice Cave |      4 |      4 |      0 |      0 |      0 |   1 |    4.0 |
               +--------+--------+--------+--------+--------+-----+--------+

Top non-repeatable levels by time:
     D:9: 1745 daAuts
     D:8: 1504 daAuts
     D:6: 1490 daAuts
     D:4: 1276 daAuts
     D:5: 1037 daAuts
    D:10: 992 daAuts
     D:7: 742 daAuts
     D:3: 737 daAuts
     D:1: 627 daAuts
     D:2: 495 daAuts
  Lair:1: 347 daAuts
  Lair:2: 35 daAuts
   IceCv: 4 daAuts
